AoeStats
← njr0210

Arena

510144132Analyzed
1v1 RM · 3d ago on Sep 29, 2026· 43m 17s· 2 players
Game mode
Random Map
Map size
Tiny (2 player)
Population
200
Speed
Normal
Resources
Standard
Victory
Conquest
Starting age
Dark Age
Ending age
Imperial Age
RankedLock teamsTeams togetherTeam positionsShared explorationLock speedFull tech treeHidden civsTurbo modeCheats
Victory
Defeat
🇺🇸 Goths · United States
802
+14
🇬🇧 Bohemians · United Kingdom
756
-14
njr0210
10:11 Feudal Age
8:31 Loom
11:10 Double-Bit Axe
12:21 Horse Collar
19:06 Castle Age
20:35 Bow Saw
20:29 Heavy Plow
24:25 Scale Barding Armor
25:00 Husbandry
26:04 Forging
28:06 Wheelbarrow
27:20 Town Watch
27:41 Fletching
31:22 Chain Barding Armor
32:16 Ballistics
32:59 Chemistry
37:54 Imperial Age
37:03 Ballistics
36:40 Murder Holes
37:58 Iron Casting
37:25 Padded Archer Armor
38:27 Cavalier
38:49 Pikeman
38:51 Man-at-Arms
40:19 Conscription
41:34 Long Swordsman
Tladdy253
11:23 Feudal Age
16:48 Castle Age
16:38 Double-Bit Axe
19:41 Bow Saw
24:59 Wheelbarrow
26:06 Forging
26:28 Horse Collar
27:41 Iron Casting
30:07 Fervor
30:20 Hand Cart
30:37 Pikeman
31:17 Squires
31:52 Stone Mining
31:54 Gold Mining
34:56 Scale Barding Armor
34:51 Scale Mail Armor
36:27 Anarchy
38:19 Chain Barding Armor
43:18 Imperial Age
40:34 Loom
40:34 Town Watch
Connection lost

Rejoining the realm…

Still unreachable

The connection could not be restored.

Session expired

The server has moved on; the page needs a fresh start.